 Dungeon Crawl Stone Soup version 0.30-a0-341-g682706514a (webtiles) character file.

Game seed: 8326932318605415752

26682 Muataran the Severer (level 13, -1/116 HPs)
             Began as a Hill Orc Fighter on Nov 1, 2022.
             Was a Priest of Qazlal.
             Killed from afar by a lindwurm (36 damage)
             ... with a blast of flame
             ... on level 3 of the Lair of Beasts.
             The game lasted 00:33:28 (17823 turns).

Muataran the Severer (Hill Orc Fighter)            Turns: 17823, Time: 00:33:28

Health: -1/116     AC: 17    Str: 22    XL:     13   Next: 27%
Magic:  23/23      EV: 12    Int: 10    God:    Qazlal [***...]
Gold:   585        SH:  9    Dex: 10    Spells: 12/12 levels left

rFire   . . .      SeeInvis .    x - +2 broad axe (drain)
rCold   . . .      Faith    .    c - +0 buckler
rNeg    . . .      Spirit   .    s - +3 chain mail
rPois   +          Reflect  .    (no helmet)
rElec   .          Harm     .    G - +0 cloak
rCorr   .          Rampage  .    (no gloves)
Will    .....                    o - +0 pair of boots
Stlth   ..........               (no amulet)
HPRegen 0.39/turn                u - ring of poison resistance
MPRegen 0.18/turn                C - +4 ring of evasion

@: hasted, very quick
A: no striking features
a: Renounce Religion, Upheaval, Elemental Force


You were on level 3 of the Lair of Beasts.
You worshipped Qazlal.
Qazlal was most pleased with you.
You visited 3 branches of the dungeon, and saw 15 of its levels.
You also visited: Ossuary.

You collected 585 gold pieces.

Inventory:

Hand Weapons
 x - a +2 broad axe of draining (weapon)
 I - a +0 broad axe
 N - a +2 vorpal broad axe
Armour
 c - a +0 buckler (worn)
 i - a +0 kite shield
 o - a +0 pair of boots (worn)
 s - a +3 chain mail (worn)
 G - a +0 cloak (worn)
Jewellery
 b - an amulet of guardian spirit
 f - a ring of resist corrosion
 u - a ring of poison resistance (left hand)
 C - a +4 ring of evasion (right hand)
Wands
 d - a wand of paralysis (9)
 l - a wand of mindburst (2)
 A - a wand of roots (3)
 B - a wand of polymorph (4)
 J - a wand of flame (5)
Scrolls
 a - 7 scrolls of immolation
 e - 2 scrolls of noise
 n - a scroll of poison
 y - a scroll of enchant weapon {unknown}
 z - 3 scrolls of teleportation
 F - a scroll of fear
 H - a scroll of blinking {unknown}
 K - 5 scrolls of identify
 L - 2 scrolls of amnesia
Potions
 g - 2 potions of brilliance
 h - 2 potions of haste
 j - 4 potions of attraction
 k - 4 potions of magic
 m - 2 potions of berserk rage
 p - 5 potions of curing
 q - 3 potions of cancellation
 r - 6 potions of heal wounds
 t - 9 potions of ambrosia
 v - 2 potions of mutation
 w - a potion of resistance
 D - 3 potions of lignification
 E - a potion of flight
Miscellaneous
 M - a condenser vane


   Skills:
 + Level 11.6 Fighting
 * Level 16.8 Axes
 + Level 10.6 Armour
 + Level 6.7 Shields
 * Level 14.3 Invocations
 - Level 2.0 Evocations


You had 12 spell levels left.
You didn't know any spells.
Your spell library contained the following spells:

 Spells                   Type           Power      Damage    Failure   Level
 Ozocubu's Armour         Ice            0%         N/A       100%        3
 Stone Arrow              Conj/Erth      0%         3d7       100%        3
 Animate Armour           Summ/Erth      0%         N/A       100%        4
 Blade Hands              Tmut           0%         N/A       100%        5
 Iron Shot                Conj/Erth      0%         9d1       100%        6
 Ozocubu's Refrigeration  Ice            0%         4d7       100%        7
 Lehudib's Crystal Spear  Conj/Erth      0%         10d2      100%        8


Dungeon Overview and Level Annotations

Branches:
Dungeon (11/15)            Temple (1/1) D:6            Lair (3/5) D:11
  Swamp (0/4) Lair:2       Spider (0/4) Lair:2      Ossuary (visited)
    Orc: D:9-12

Altars:
Cheibriados
Dithmenos
Elyvilon
Fedhas
Gozag
Nemelex Xobeh
Okawaru
Qazlal
Ru
Trog
Uskayaw
Xom
Zin
The Shining One

Annotations:
D:5 2 transporters, pigah's ghost, novice OpWn
D:6 2 transporters
Lair:1 1 runed translucent door, Powertoast's ghost, journeyman TrGl


Message History

You hit the spriggan simulacrum.
The spriggan simulacrum vaporises!
Qazlal accepts your kill.
You start resting.
You hear a roar!
You hear an angry hiss.
A water moccasin comes into view.
You hear a roar!
An ice devil comes into view.
You slice the water moccasin!! You drain the water moccasin!
You kill the water moccasin!
Qazlal accepts your kill.
You see here a water moccasin corpse.
A freezing wraith comes into view.
The ice devil hits you. The ice devil freezes you!
You slash the ice devil!
The ice devil is moderately wounded.
A lindwurm comes into view.
The ice devil hits you. The ice devil freezes you!
You hit the ice devil.
The ice devil is moderately wounded.
You hit the ice devil but do no damage.
The ice devil is moderately wounded.
The ice devil hits you but does no damage.
The lindwurm breathes flames at you. The blast of flame hits you!!
A polar bear comes into view.
You are too injured to fight recklessly!
You are too injured to fight recklessly!
Unknown command.
Aiming: Polymorph
Press: ? - help, Shift-Dir - straight line, f - lindwurm
Aim: a lindwurm (will become an eye of devastation, a yaktaur, or a floating eye, chance to affect: 37%)
Okay, then.
Okay, then.
Okay, then.
You feel yourself speed up. The ice devil hits you! The ice devil freezes you!
The lindwurm breathes flames at you. The blast of flame hits you!!!
You die...

#...............#
#...............##
##................#
#................##
##...............##
####..............#.###
~~~###.#.............#.#.<.#
~≈~~.........†.#######......
.≈~~.......@..P# #....8..
~~≈~......4°°..# #...#####
..≈~~...W.....## #...## #
~.~~~.........# #...#
.~~~~P.......k# ....
.~≈~~#.....$... ... .....
..~~~~.........# k.>..
~h.........+ ..... ....#


You could see a lindwurm (catching breath), a polar bear, an ice devil and a
freezing wraith.

Vanquished Creatures
  3 hydras (Lair:2)
  3 boulder beetles
  2 two-headed ogres (D:9)
  A tengu warrior (D:9)
  Pikel (D:5)
  Maurice (D:9)
  5 elephants (Lair:2)
  An elephant (shapeshifter) (D:8)
  A gargoyle (D:10)
  A cane toad (Lair:1)
  2 rime drakes
  A kobold demonologist (D:10)
  Maggie (D:9)
  6 komodo dragons
  A queen bee (D:10)
  An anaconda simulacrum (Lair:3)
  3 trolls
  A polar bear (Lair:2)
  4 blink frogs (Lair:2)
  4 jumping spiders (Lair:2)
  2 culicivoras (Lair:2)
  2 wyverns
  A spriggan (D:9)
  2 wraiths (D:11)
  23 yaks
  2 basilisks
  A redback (Lair:2)
  8 vampire mosquitoes
  Edmund (D:6)
  2 swamp worms (Lair:2)
  An acid dragon (D:11)
  4 water moccasins
  2 black bears
  5 orc warriors
  6 wolves
  6 centaurs
  2 lemures (D:5)
  2 phantoms
  4 kobold brigands
  6 bullfrogs
  3 necrophages
  A gnoll sergeant (D:11)
  4 scorpions
  5 wights
  39 killer bees
  3 howler monkeys (D:10)
  A centaur zombie (Ossuary)
  A human zombie (Ossuary)
  4 jellies
  5 hounds
  8 orc priests
  An iguana (Lair:2)
  8 orc wizards
  A spriggan simulacrum (Lair:3)
  5 mummies (Ossuary)
  5 adders
  11 gnolls
  3 white imps
  2 ufetubi
  3 worms
  A dart slug (D:1)
  34 orcs
  5 ball pythons
  2 endoplasms
  A giant cockroach (D:4)
  2 goblins
  13 hobgoblins
  4 jackals (D:3)
  19 kobolds
  2 quokkas
  4 frilled lizards
  2 hobgoblin zombies (Ossuary)
  A kobold zombie (Ossuary)
  3 orc zombies (Ossuary)
  5 rats
336 creatures vanquished.

Vanquished Creatures (others)
  14 fungi
  8 plants
22 creatures vanquished.

Grand Total: 358 creatures vanquished

Notes
Turn   | Place    | Note
-------+----------+-------------------------------------------
     0 | D:1      | Muataran the Hill Orc Fighter began the quest for the Orb.
     0 | D:1      | Reached XP level 1. HP: 19/19 MP: 1/1
   108 | D:1      | Reached skill level 3 in Axes
   184 | D:1      | Reached XP level 2. HP: 20/27 MP: 2/2
   928 | D:2      | Reached XP level 3. HP: 9/33 MP: 3/3
  1601 | D:2      | Reached skill level 4 in Axes
  1669 | D:2      | Reached XP level 4. HP: 11/40 MP: 4/4
  2064 | D:2      | Reached XP level 5. HP: 24/47 MP: 5/5
  2231 | D:3      | Reached skill level 5 in Axes
  2574 | D:3      | Reached XP level 6. HP: 53/53 MP: 6/6
  2958 | D:4      | Noticed a torpor snail
  3019 | D:4      | Found a snail-covered altar of Cheibriados.
  3019 | D:4      | Noticed a torpor snail
  3019 | D:4      | Noticed a torpor snail
  3026 | D:4      | Noticed a black bear
  3071 | D:4      | Killed a black bear
  3072 | D:4      | Reached skill level 5 in Fighting
  3072 | D:4      | Reached skill level 6 in Axes
  3244 | D:4      | Reached XP level 7. HP: 57/61 MP: 7/7
  3674 | D:5      | Entered Level 5 of the Dungeon
  3691 | D:5      | Reached skill level 7 in Axes
  3707 | D:5      | Reached skill level 5 in Armour
  3707 | D:5      | Reached skill level 5 in Shields
  3752 | D:5      | Noticed a troll
  3764 | D:5      | Found a transporter.
  3782 | D:5      | Noticed pigah's ghost (novice OpWn)
  3877 | D:5      | Found a transporter.
  3992 | D:6      | Noticed Pikel
  4013 | D:5      | Reached skill level 8 in Axes
  4013 | D:5      | Reached XP level 8. HP: 32/70 MP: 8/8
  4173 | D:5      | Killed Pikel
  4174 | D:5      | Reached skill level 9 in Axes
  4343 | D:6      | Found a staircase to the Ecumenical Temple.
  4350 | Temple   | Entered the Ecumenical Temple
  4365 | Temple   | Became a worshipper of Qazlal Stormbringer
  4550 | D:3      | Found a white marble altar of Elyvilon.
  4559 | D:3      | Found a shimmering altar of Xom.
  5055 | D:5      | Reached skill level 1 in Invocations
  5566 | D:6      | Noticed Edmund
  5575 | D:6      | Killed Edmund
  5576 | D:6      | Reached skill level 10 in Axes
  5576 | D:6      | Reached XP level 9. HP: 70/76 MP: 9/11
  5638 | D:6      | Found a transporter.
  6102 | D:6      | Found a glowing silver altar of Zin.
  6770 | D:6      | Found a transporter.
  7188 | D:7      | Found a shadowy altar of Dithmenos.
  7254 | D:7      | Found a bloodstained altar of Trog.
  7529 | D:7      | Found a shadowy altar of Dithmenos.
  7639 | D:7      | Found an iron altar of Okawaru.
  7651 | D:7      | Reached skill level 5 in Invocations
  7980 | D:8      | Reached skill level 11 in Axes
  8096 | D:8      | Noticed an entropy weaver
  8112 | D:8      | an entropy weaver changed into a raiju
  8115 | D:8      | a raiju changed into a salamander
  8115 | D:8      | Noticed a salamander (shapeshifter)
  8208 | D:8      | Found a sand-covered staircase.
  8212 | Ossuary  | Entered an ossuary
  8272 | Ossuary  | Reached * piety under Qazlal
  8600 | D:8      | Noticed an elephant
  8614 | D:8      | Killed an elephant
  8615 | D:8      | Reached XP level 10. HP: 66/88 MP: 13/15
  8837 | D:8      | Reached skill level 12 in Axes
  9441 | D:9      | Noticed Maurice
  9689 | D:9      | Noticed Maggie
  9702 | D:9      | Killed Maurice
  9709 | D:9      | Killed Maggie
  9721 | D:8      | Reached ** piety under Qazlal
  9969 | D:9      | Reached skill level 13 in Axes
 10163 | D:9      | Noticed a two-headed ogre
 10163 | D:9      | Noticed a two-headed ogre
 10201 | D:9      | Killed a two-headed ogre
 10206 | D:9      | Killed a two-headed ogre
 10207 | D:9      | Reached XP level 11. HP: 91/97 MP: 8/18
 10332 | D:9      | Reached skill level 10 in Invocations
 10451 | D:9      | Found a hide-covered altar of Uskayaw.
 10567 | D:9      | Noticed a tengu warrior
 10591 | D:9      | Killed a tengu warrior
 10904 | D:9      | Found the +12 pair of quick blades "Gyre" and "Gimble"
                  | {protect}
 11381 | D:10     | Entered Level 10 of the Dungeon
 11744 | D:10     | Noticed a soul eater
 11749 | D:10     | Noticed a soul eater
 11868 | D:10     | Noticed a soul eater
 11871 | D:10     | Reached skill level 14 in Axes
 12351 | D:10     | Reached skill level 10 in Fighting
 12414 | D:10     | Reached *** piety under Qazlal
 13580 | D:11     | Noticed a boulder beetle
 13633 | D:11     | Killed a boulder beetle
 13634 | D:11     | Reached skill level 15 in Axes
 13634 | D:11     | Reached XP level 12. HP: 66/107 MP: 19/21
 14203 | D:11     | Found a staircase to the Lair.
 14393 | Lair:1   | Entered Level 1 of the Lair of Beasts
 14489 | Lair:1   | Found an opulent altar of Gozag.
 14826 | Lair:1   | Identified a scroll of acquirement
 14826 | Lair:1   | Acquired a +2 broad axe of draining
 15068 | Lair:1   | Found a runed translucent door.
 15319 | Lair:1   | Noticed Powertoast's ghost (journeyman TrGl)
 15407 | Lair:2   | Reached **** piety under Qazlal
 15416 | Lair:2   | Reached skill level 1 in Evocations
 15563 | Lair:2   | Reached skill level 10 in Armour
 15723 | Lair:2   | Reached skill level 16 in Axes
 15876 | Lair:2   | Noticed a boulder beetle
 15894 | Lair:2   | Killed a boulder beetle
 16280 | Lair:2   | Found a hole to the Spider Nest.
 16355 | Lair:2   | Noticed a seven-headed hydra
 16358 | Lair:2   | Killed a seven-headed hydra
 16359 | Lair:2   | Reached XP level 13. HP: 116/116 MP: 13/23
 17118 | Lair:2   | Found a staircase to the Swamp.
 17823 | Lair:3   | Killed from afar by a lindwurm

Illustrated notes

Levels and vault maps discovered:
D:1:      minmay_arrival_nine_rooms, layout_loops_ring, nicolae_wormholes
D:2:      layout_basic
D:3:      layout_rooms, mainiacjoe_overflow_swirl
D:4:      layout_basic, cheibriados_altar_2, serial_co_window_serial,
          co_window_paths_a, co_window_corner_a, co_window_paths_a,
          co_window_paths_a, co_window_paths_a, co_window_paths_a,
          co_window_paths_a, co_window_2corner, co_window_2corner,
          co_window_broadway_a, co_window_unsneaky_path_a, co_window_corner_ca,
          co_window_of_opportunity_b, co_window_corner_b, co_window_paths_d,
          glass_columns_c, glass_columns_b, glass_columns_a, glass_columns_b,
          glass_columns_c, chequers_decorated_corner
D:5:      layout_gridville, gammafunk_ghost_arena
D:6:      gammafunk_cloud_chamber, layout_basic, mainiacjoe_overflow_alcove_1,
          minmay_temple_entry_ruins, uniq_pikel, uniq_edmund
D:7:      layout_loops_corners, nicolae_dithmenos_through_a_glass_darkly,
          general_overflow_altar, kennysheep_nub, hangedman_feature_mirror,
          minmay_misc_feat_ornament
D:8:      layout_loops_ring, lightli_ossuary_entry_decrepit_ruins
D:9:      layout_small_grid, old_standard_altar, minivault_23,
          kennysheep_decorative_pillar, hellmonk_guarded_unrand_gyre_and_gimble,
          uniq_maurice, uniq_maggie
D:10:     layout_roguey [special_room_bee]
D:11:     layout_irregular_city, lair_entry_dummy
Temple:   regret_index_temple_waves
Lair:1:   layout_gridlike, basic_altar, ebering_ghost_reflecting_pool,
          grunt_megastairs_4
Lair:2:   layout_big_grid, palyth_hydra_swamp_entry,
          nicolae_spider_entry_tight_spaces, grunt_megastairs_2
Lair:3:   dreamdust_isle_of_ice, layout_cellular_growth, grunt_megastairs_5,
          serial_bayou_shore_a, lemuel_fruit_tree, infiniplex_staircase_pool

Skill      XL: |  1  2  3  4  5  6  7  8  9 10 11 12 13 |
---------------+----------------------------------------+-----
Axes           | 3 4 5 6 8 10 11 13 15 16 | 16.8
Fighting       | 4 5 6 7 8 9 10 11 | 11.6
Armour         | 4 5 6 7 8 9 10 | 10.6
Shields        | 4 5 6 |  6.7
Invocations    | 2 6 9 12 13 14 | 14.3
Evocations     | 2 |  2.0

Action                   |  1- 3 |  4- 6 |  7- 9 | 10-12 | 13-15 || total
-------------------------+-------+-------+-------+-------+-------++-------
Melee: War axe           |    80 |   141 |   232 |   548 |       ||  1001
       Whip              |       |       |   100 |       |       ||   100
       Broad axe         |       |       |       |   124 |    81 ||   205
Invok: Upheaval          |       |       |       |     6 |     4 ||    10
Evoke: Wand              |       |       |     3 |     2 |     5 ||    10
  Use: Potion            |     1 |     1 |     3 |     2 |     1 ||     8
       Scroll            |       |       |    19 |     5 |     1 ||    25
 Stab: Paralysed         |       |       |     6 |     8 |       ||    14
       Invisible         |       |       |     2 |       |       ||     2
       Distracted        |       |       |       |       |     1 ||     1
Armor: Scale mail        |    20 |       |       |       |       ||    20
       Chain mail        |    18 |   116 |   195 |   318 |    39 ||   686
Dodge: Dodged            |    30 |    59 |   115 |   211 |    35 ||   450
Block: Buckler           |    19 |    33 |    66 |   282 |    43 ||   443

Table legend: (Time is in decaauts)
 A = Elapsed time spent in this place.
 B = Non-inter-level travel time spent in this place.
 C = Inter-level travel time spent in this place.
 D = Time resting spent in this place.
 E = Time spent auto-exploring this place.
 F = Levels seen in this place.
 G = Mean time per level.
                   A        B        C        D        E       F      G
               +--------+--------+--------+--------+--------+-----+--------+
         Total |  17792 |  16988 |    804 |   4148 |   9495 |  16 | 1112.0 |
       Dungeon |  14070 |  13372 |    698 |   3181 |   7526 |  11 | 1279.1 |
        Temple |     30 |     16 |     14 |      0 |      9 |   1 |   30.0 |
          Lair |   3386 |   3295 |     91 |    883 |   1897 |   3 | 1128.7 |
       Ossuary |    304 |    304 |      0 |     84 |     63 |   1 |  304.0 |
               +--------+--------+--------+--------+--------+-----+--------+

Top non-repeatable levels by time:
  Lair:2: 2174 daAuts
     D:5: 1705 daAuts
     D:9: 1671 daAuts
     D:8: 1540 daAuts
    D:11: 1452 daAuts
    D:10: 1431 daAuts
     D:2: 1236 daAuts
     D:4: 1214 daAuts
     D:6: 1131 daAuts
     D:1: 1029 daAuts
     D:7: 990 daAuts
  Lair:1: 932 daAuts
     D:3: 666 daAuts
 Ossuary: 304 daAuts
  Lair:3: 279 daAuts
